 Dungeon Crawl Stone Soup version 0.29-a0-1043-g569b05d6ff (webtiles) character file.

Game seed: 6412630463162705414

29 flotson the Sneak (level 3, 0/29 HPs)
             Began as a Demonspawn Delver on Aug 15, 2022.
             Killed by divine providence
             ... invoked by an orc priest
              (10 damage)
             ... on level 8 of the Dungeon.
             The game lasted 00:02:25 (615 turns).

flotson the Sneak (Demonspawn Delver)                Turns: 615, Time: 00:02:26

Health: 0/29       AC:  7    Str: 14    XL:     3   Next: 1%
Magic:  3/3        EV: 12    Int: 11    God:
Gold:   31         SH:  0    Dex: 14    Spells: 2/2 levels left

rFire   . . .      SeeInvis .   a - +0 hand axe
rCold   . . .      Faith    .   (no shield)
rNeg    + . .      Spirit   .   h - +4 Cigotuvi's embrace {rMiasma Drain rN+}
rPois   .          Reflect  .   (no helmet)
rElec   .          Harm     .   (no cloak)
rCorr   .          Rampage  .   (no gloves)
Will    .....                   (no boots)
Stlth   ++........              (no amulet)
HPRegen 0.09/turn               (no ring)
MPRegen 0.08/turn               (no ring)

@: no status effects
A: weakness stinger 1
a: no special abilities


You were on level 8 of the Dungeon.
You visited 1 branch of the dungeon, and saw 2 of its levels.

You collected 31 gold pieces.

Inventory:

Hand Weapons
 a - a +0 hand axe (weapon)
Armour
 h - the +4 Cigotuvi's embrace (worn) {rMiasma Drain rN+}
   (You found it on level 8 of the Dungeon)

   It gathers nearby corpses to temporarily increase the armour it provides.
   It protects you from foul pestilence.
   rN:        It protects you from negative energy.
   Drain:     It drains your maximum health when unequipped.
Wands
 g - a wand of digging (3)
Scrolls
 c - a scroll of fog
 f - a scroll of enchant armour {unknown}


   Skills:
 + Level 3.2 Fighting
 + Level 1.7(1.9) Axes
 - Level 0.8(1.4) Maces & Flails
 + Level 0.9 Armour
 + Level 2.1 Dodging
 - Level 4.5 Stealth
 + Level 1.0 Evocations


You had 2 spell levels left.
You didn't know any spells.
Your spell library was empty.

Dungeon Overview and Level Annotations

Branches:
Dungeon (5/15)
 Temple: D:4-7

Altars:

Annotations:
D:8 Gastronok


Innate Abilities, Weirdness & Mutations

You have a small tail.


Message History

Found a dagger.
You see here a +0 dagger.
Gastronok the Ponderous comes into view.
He is wearing a +1 hat of see invisible.
You see here a +0 dagger.
Found a club.
There is an open door here.
You enter the shallow water.
Moving in this stuff is going to be slow.
You enter the shallow water.
Moving in this stuff is going to be slow.
You open the door.
Found a pair of boots. 2 lemures come into view.
Found a stone staircase leading up.
The lemure shouts!
There is an open door here.
You close the door.
A lemure comes into view.
A lemure comes into view.
The lemure shouts!
The lemure attacks as you move away! The lemure hits you.
As you read the scroll of magic mapping, it crumbles to dust.
You feel aware of your surroundings.
You sensed 1 shop/portal.
The lemure hits you.
As you read the scroll of fear, it crumbles to dust.
You assume a fearsome visage.
The lemure looks frightened! x3
You open the door.
Found a stone staircase leading up.
There is an open door here.
An orc, an orc priest and an orc wizard come into view.
Found 3 stones.
The orc wizard shouts!
The orc priest shouts!
The orc shouts!
The orc priest invokes the aid of Beogh against you.
Beogh smites you!
Ouch! That really hurt!
An orc priest comes into view. It is wielding a +0 flail.
The orc wizard moves out of view.
The orc priest mumbles some strange prayers to Beogh against you.
Beogh smites you!
You die...

#..≈~~~#*,##....#*****,***,,,,
#~≈~~~##***##...#,,,,,,* *,,,,
#.≈≈~~≈##~~~##..#,****** *,,,*
#.~~≈≈≈≈##~~**###,* *,***
#..≈≈≈≈≈≈#≈** *,* *,***
##..≈≈≈≈≈≈≈# *,* **,**,
#..5.####### *,*******,,,,,
##.#.......####**,*,,,,**,,,,,
****#+#.......'.@#*,,+,,,,+,,,,,,
..............##.....#,,,,***+*,,
.......##+######.....#,,,,+,,,,,,
.....5.#*+** *,.o....#,,,,*,,,,,,
......[#,,,***,..o.....,,,,,,,,,,
....5..#,,,,,*...o..####+*,,,,,,,
#.......,,,,,*.....o#*****,,,,,,,
#....<..,,,,,#....#.(,,,,,,,,,,,,
*,,,,,,,*,,,,*,,,,***,,****,,,,,,


You could see 2 orc priests, an orc wizard and an orc.

Vanquished Creatures
  A hound (D:5)
1 creature vanquished.

Notes
Turn   | Place    | Note
-------+----------+-------------------------------------------
     0 | D:5      | flotson the Demonspawn Delver began the quest for the Orb.
     0 | D:5      | Reached XP level 1. HP: 18/18 MP: 1/1
    28 | D:5      | Noticed a hound
    72 | D:5      | Killed a hound
    73 | D:5      | Reached skill level 1 in Evocations
    73 | D:5      | Gained mutation: You have a small tail. [demonic ancestry]
    73 | D:5      | Reached XP level 2. HP: 1/24 MP: 2/2
    73 | D:5      | Reached XP level 3. HP: 2/29 MP: 3/3
   402 | D:5      | You fall into a shaft and drop 3 floors!
   408 | D:8      | Noticed a sky beast
   444 | D:8      | Found the +4 Cigotuvi's embrace {rMiasma Drain rN+}
   476 | D:8      | Noticed a sky beast
   527 | D:8      | Noticed Gastronok
   599 | D:8      | Noticed a lemure
   599 | D:8      | Noticed a lemure
   603 | D:8      | Noticed a lemure
   604 | D:8      | Noticed a lemure
   615 | D:8      | Killed from afar by an orc priest

Illustrated notes

Levels and vault maps discovered:
D:5:      layout_basic
D:8:      layout_basic, serial_rivers, chequers_serial_rivers_large_a,
          chequers_serial_rivers_small_a, chequers_serial_rivers_micro_a,
          chequers_serial_rivers_marsh, chequers_serial_rivers_micro_c,
          serial_shops, nicolae_shop_window_shopping, uniq_psyche,
          uniq_gastronok, uniq_pikel

Skill      XL: |  1 |
---------------+----+-----
Dodging        | 2 |  2.1
Evocations     | 1 |  1.0
Fighting       | |  3.2
Axes           | |  1.7
Maces & Flails | |  0.8
Armour         | |  0.9
Stealth        | |  4.5

Action                   || total
-------------------------++-------
Melee: Hand axe          ||    12
  Use: Potion            ||     1
       Scroll            ||     2
Armor: Leather armour    ||     4
Dodge: Dodged            ||     4

Table legend: (Time is in decaauts)
 A = Elapsed time spent in this place.
 B = Non-inter-level travel time spent in this place.
 C = Inter-level travel time spent in this place.
 D = Time resting spent in this place.
 E = Time spent auto-exploring this place.
 F = Levels seen in this place.
 G = Mean time per level.
                   A        B        C        D        E       F      G
               +--------+--------+--------+--------+--------+-----+--------+
         Total |    601 |    601 |      0 |      0 |    344 |   2 |  300.5 |
       Dungeon |    601 |    601 |      0 |      0 |    344 |   2 |  300.5 |
               +--------+--------+--------+--------+--------+-----+--------+

Top non-repeatable levels by time:
     D:5: 385 daAuts
     D:8: 215 daAuts
